[Event "1st Serbian League 2022"]
[Site "Vrnjacka Banja"]
[Date "2022.09.28"]
[Round "9.22"]
[White "Djukic, Nikola"]
[Black "Roganovic, Milos"]
[Result "1/2-1/2"]
[ECO "B38"]
[WhiteElo "2536"]
[BlackElo "2487"]
[Annotator "TA"]
[PlyCount "52"]
[EventDate "2022.09.20"]
[EventType "team-tourn"]
[EventCountry "SRB"]
[SourceTitle "playchess.com"]
[Source "ChessBase"]
[SourceQuality "1"]
[TimeControl "40/5400+30:1800+30"]

1. e4 c5 2. Nf3 Nc6 3. d4 cxd4 4. Nxd4 g6 5. c4 Nf6 6. Nc3 d6 7. f3 Bg7 8. Be3 O-O 9. Be2 Nd7 10. Qd2 {[%emt 0:04:42] B38: Sicilian: Maroczy Bind with 5...Bg7 and 7...0-0.} Nxd4 11. Bxd4 Bxd4 12. Qxd4 {[%emt 0:00:06] White has an edge.} Qb6 13. O-O-O {[%emt 0:21:21] White is more active.} Qxd4 14. Rxd4 Nf6 {[%emt 0:01:20] [#]} 15. Nd5 $146 ({Predecessor:} 15. f4 Be6 16. b3 Rac8 17. Kb2 Kg7 18. Bf3 b6 19. Re1 Rfd8 20. f5 Bd7 21. g4 {1-0 (36) Juarez Flores,C (2419)-Sanchez,J (2107) Managua 2015}) 15... Nxd5 16. exd5 Bd7 17. Re1 Rac8 18. Bd3 e5 19. dxe6 $1 Bxe6 20. Kb1 Rfd8 21. Rd1 Kf8 22. b3 Ke7 23. Be4 b6 24. Kb2 Rc5 25. a4 f5 26. Bd3 a5 {[%emt 0:05:19] Weighted Error Value: White=0.11 (very precise) /Black=0.05 (flawless)} 1/2-1/2

[Event "1st Serbian League 2022"]
[Site "Vrnjacka Banja"]
[Date "2022.09.28"]
[Round "9.23"]
[White "Zajic, Milan"]
[Black "Strikovic, Aleksa"]
[Result "1-0"]
[ECO "B07"]
[WhiteElo "2402"]
[BlackElo "2491"]
[Annotator "TA"]
[PlyCount "119"]
[EventDate "2022.09.20"]
[EventType "team-tourn"]
[EventCountry "SRB"]
[SourceTitle "playchess.com"]
[Source "ChessBase"]
[SourceQuality "1"]
[TimeControl "40/5400+30:1800+30"]

1. e4 d6 2. d4 Nf6 3. Nc3 e5 4. dxe5 dxe5 5. Qxd8+ Kxd8 6. Bc4 Ke8 {[%emt 0:00:04] The modern move. B07: Pirc Defence: Miscellaneous Systems.} 7. f4 Bb4 8. Bd3 Nc6 {[%emt 0:00:25] White has an edge.} 9. Nf3 Bg4 10. fxe5 (10. a3 $5 Bd6 11. Nb5 $14) 10... Nd7 11. Bf4 Bxf3 12. gxf3 Ncxe5 13. Be2 c6 {[%emt 0:01:06] [#]} 14. Be3 $146 ({Predecessor:} 14. O-O-O Ng6 15. Bg3 h5 16. h4 Bc5 17. Kb1 Be3 18. Bf1 Nde5 19. Bh3 Rd8 20. Rxd8+ Kxd8 {½-½ (37) Bok,B (2592)-Kuipers,S (2404) Netherlands 2017}) 14... Bc5 15. Bd2 Nb6 16. b3 f6 (16... Ng6 $11) 17. f4 $16 Nf7 18. h4 (18. O-O-O $16) 18... Rd8 19. Rh2 g6 20. O-O-O Nd7 21. Nb1 Ke7 22. Rh3 Rhe8 23. Rf1 Nf8 24. h5 (24. Bd3 $14) 24... Kd7 (24... Ne6 $5 ) 25. Bd3 Kc8 26. Bc3 Bd4 27. Bxd4 Rxd4 28. Nd2 g5 (28... b5 $14) 29. Rg3 gxf4 30. Rxf4 Nd7 31. Nf3 Rd6 32. Rg7 Nfe5 (32... Ng5 $16) 33. Nxe5 $18 Nxe5 34. Bf1 h6 35. Rh7 {[%emt 0:00:59] Against Rh8} Rg8 36. Rxh6 Rg5 37. Rh7 {[%emt 0:00:54] Strongly threatening Bh3+.} Rg1 38. h6 (38. Kb2 $16 {Threatens to win with Bh3+.} Rh1 39. Kc3) 38... Rh1 $11 {[%emt 0:00:10] Prevents Bh3+.} 39. Kb2 Rh2 40. Kc3 a5 41. a4 ({White should try} 41. Rf5 $16) 41... Kb8 42. Rf5 Ka7 43. Rh8 Kb6 ({Black should play} 43... c5 $11 44. Bd3 Ng6) 44. h7 $14 Nf7 45. Ra8 Rxh7 46. Rfxa5 {[%emt 0:03:54] White is more active.} Ne5 {[%emt 0:00:59] [#]} (46... Rd1 $142 47. Be2 Rh3+ 48. Kb2 Rd2) 47. R5a7 $1 $16 {[%emt 0:00:58] Black must now prevent a5+.} Rd1 $2 {[%emt 0:01:45][%mdl 8192] [#] This costs Black the game.} (47... Rdd7 $16 {was called for.}) 48. a5+ $1 $18 Kc5 49. b4+ Kd6 50. Rd8+ Nd7 51. Be2 Kc7 52. Bxd1 Kxd8 53. Rxb7 {[%emt 0:00:09][%mdl 4096] Endgame KRB-KRN} Kc8 54. a6 {[%emt 0:00:21][%cal Ba5a6,Ba6a7][%mdl 32] aiming for Bg4.} Rh3+ 55. Kd4 {[%emt 0:00:49] Threatening mate with Bg4.} Ne5 {[%emt 0:01:35] Inhibits Bg4+.} 56. Rg7 Kb8 57. Be2 Ka8 58. Kc5 {[%emt 0:00:44] White mates.} Rh8 59. a7 Rd8 60. Kb6 {[%emt 0:00:13] Weighted Error Value: White=0.12 (very precise) /Black=0.39} 1-0

[Event "1st Serbian League 2022"]
[Site "Vrnjacka Banja"]
[Date "2022.09.28"]
[Round "9.24"]
[White "Perunovic, Miodrag"]
[Black "Stankovic, Milos"]
[Result "1/2-1/2"]
[ECO "B62"]
[WhiteElo "2413"]
[BlackElo "2439"]
[Annotator "TA"]
[PlyCount "55"]
[EventDate "2022.09.20"]
[EventType "team-tourn"]
[EventCountry "SRB"]
[SourceTitle "playchess.com"]
[Source "ChessBase"]
[SourceQuality "1"]
[TimeControl "40/5400+30:1800+30"]

1. e4 c5 2. Nf3 d6 3. d4 cxd4 4. Nxd4 Nf6 5. Nc3 Nc6 6. Bg5 e6 7. Bb5 Bd7 8. Bxc6 bxc6 9. Qf3 h6 10. Bh4 c5 11. Nb3 {[%emt 0:08:14] B62: Sicilian: Richter-Rauzer: 6...e6: Unusual White 7th moves.} Be7 12. O-O-O {[%emt 0:03:08][%cal Oe4e5] [#] Black must now prevent e5!} Rc8 13. Bxf6 {[%emt 0:10:34] [#]} Bxf6 $146 ({Predecessor:} 13... gxf6 14. Nd2 c4 15. Qe2 Qc7 16. Nf1 Qc5 17. Ne3 Bd8 18. Qd2 Rc6 19. Rhe1 Kf8 {1-0 (34) Sammalvuo,T (2280)-Hjelm,N (2330) Stockholm 1994}) 14. Rxd6 Be5 {[%emt 0:01:27] A strong pair of Bishops.} 15. Rd2 Qc7 (15... c4 $5 16. Rhd1 cxb3 17. Rxd7 Qg5+ 18. Kb1 bxc2+ 19. Kxc2 O-O $11) 16. g3 Bf6 17. Qe3 (17. h4 $5 ) 17... c4 {[%emt 0:04:27] The position is equal.} 18. Nd4 {[%emt 0:06:38] [#] Hoping for Ndb5.} Rb8 {[%emt 0:01:30] Inhibits Ndb5.} 19. e5 Bg5 20. f4 Qb7 21. b3 {[%emt 0:07:16] Active counter play!} Qxh1+ 22. Rd1 Qg2 23. Rd2 Qh1+ 24. Rd1 Qg2 25. fxg5 {[%emt 0:05:39] Threatens to win with Ne4.} hxg5 ({Don't take} 25... Qxh2 26. Nf3 Qxg3 27. Ne4 $16 (27. Rxd7 Kxd7 28. Ne4 Qg2 $18)) 26. Rd2 Qh1+ 27. Rd1 Qg2 28. Rd2 $1 {[%emt 0:00:14] Weighted Error Value: White=0.02 (flawless) /Black=0.02 (flawless)} 1/2-1/2

[Event "1st Serbian League 2022"]
[Site "Vrnjacka Banja"]
[Date "2022.09.28"]
[Round "9.25"]
[White "Risteski, Emil"]
[Black "Sanal, Vahap"]
[Result "1/2-1/2"]
[ECO "C54"]
[WhiteElo "2364"]
[BlackElo "2595"]
[Annotator "TA"]
[PlyCount "214"]
[EventDate "2022.09.20"]
[EventType "team-tourn"]
[EventCountry "SRB"]
[SourceTitle "playchess.com"]
[Source "ChessBase"]
[SourceQuality "1"]
[TimeControl "40/5400+30:1800+30"]

1. e4 e5 2. Nf3 Nc6 3. Bc4 Bc5 4. O-O Nf6 5. d3 d6 6. c3 a6 7. a4 {[%emt 0:00:31] C54: Giuoco Piano: 4 c3 Nf6, main lines with 5 d4 and 5 d3.} Ba7 8. Re1 O-O 9. h3 {[%emt 0:00:23] White has an edge.} h6 10. Nbd2 Ne7 11. Bb3 $1 {[%emt 0:07:12][%mdl 4] is recently more successful than 11.Nf1.} Ng6 12. d4 Re8 13. Bc2 Nh5 14. Nf1 Qf6 15. Ne3 Nhf4 16. Ng4 (16. Nf5 $1 $14) 16... Qe7 {[%emt 0:04:28] [#]} 17. Ne3 $146 ({Predecessor:} 17. Be3 h5 18. Ngh2 Qf6 19. h4 c5 20. d5 c4 21. g3 Nxh4 22. gxh4 Qg6+ 23. Ng5 Bxe3 24. fxe3 Nh3+ 25. Kf1 f6 26. Ngf3 Qg3 27. Qd2 f5 28. exf5 e4 29. Qg2 Qxg2+ 30. Kxg2 {1-0 (30) Bilguun,S (2490)-Dragun,K (2594) Biel 2018}) 17... Qf6 18. Ng4 Qe7 19. Ne3 a5 (19... Qf6 $11) 20. Nf5 $14 Qf6 21. Kh2 Ne6 22. Be3 Ngf4 (22... Nef8 $14) 23. g3 $16 Ng6 24. Kg2 $1 Ngf8 25. Nh2 {[%emt 0:01:24] White is more active.} Qg6 26. h4 h5 27. Kh1 Nh7 (27... Kh8 $142) 28. Rg1 Nf6 29. g4 $1 Qh7 (29... Kh8 $16 {was called for.}) 30. Qf3 $1 $18 Kh8 $2 {[%emt 0:04:56] [#]} (30... exd4 31. cxd4 Nxd4 32. Nxd4 hxg4 33. Nxg4 Qxh4+ 34. Nh2 Nxe4) 31. Nxg7 $1 Nxg7 (31... Qxg7 $2 32. gxh5 Nxh5 33. Rxg7 Nexg7 34. Rg1) 32. Qxf6 Qg6 33. Qxg6 fxg6 34. gxh5 gxh5 35. Rg6 Re6 36. Rg5 Re7 37. Rag1 Be6 38. Rg6 exd4 (38... Rf8 $142 39. Rh6+ Kg8 40. Rxh5 Bc4) 39. Bg5 Rf7 40. Bf6 Rxf6 41. Rxf6 {[%emt 0:30:04] Rh6+ is the strong threat.} Re8 42. Rh6+ Kg8 {[%emt 0:00:21] [#]} 43. Rxe6 $1 Rxe6 44. Bb3 Kh8 45. Rxg7 Kxg7 46. Bxe6 Kf6 47. Bc8 dxc3 48. bxc3 b5 49. Nf3 bxa4 50. Ba6 Bxf2 51. Kg2 Be3 {[%emt 0:00:00] [#]} 52. Kf1 $1 a3 53. Bc4 Bf4 (53... Ke7 {is a better defense.} 54. Ke2 Bh6) 54. Ke2 Bg3 55. Ke3 c6 56. Ba2 Kg6 57. Bb3 Kf6 58. Bc4 Kg6 59. Ba2 Kf6 60. Bb1 Kf7 61. Nd4 (61. Kd4 $18 {is more deadly.}) 61... Bxh4 62. Nxc6 Be1 63. Nxa5 (63. Ba2+ $16 Kf6 64. Nxa5) 63... Bxc3 $11 64. Nc4 Bb4 $1 65. Ba2 {[%emt 0:00:00][%csl LRa3,LRd6] aiming for Nxa3+.} Kf6 66. Kf4 Bc5 67. Nd2 Bd4 68. Nc4 Bc5 69. Bb3 Bb4 70. Ba2 Bc5 71. Nd2 Bd4 72. Nf3 Bf2 73. Bb1 h4 (73... Ke7 $11) 74. Kg4 Ke6 75. Ba2+ Kf6 76. Kh3 Kg6 $2 {[%emt 0:07:54] [#]} (76... Bg3 $16 {was worth a try.} 77. Bb3 Bf2) 77. Nxh4+ $2 ({White has to play} 77. Kg2 $1 $18 Bg3 78. Nd4) 77... Kg5 $1 78. Ng2 {[%emt 0:00:16] Threatens to win with Bd5.} Kf6 $1 {[%emt 0:00:08] The position is equal.} 79. Kg4 {[%emt 0:00:49] Strongly threatening Kf3.} Ke5 $1 80. Kf3 Bc5 $1 81. Nf4 {[%emt 0:01:10] Hoping for Ne6.} Kd4 $1 82. Ne6+ Kc3 $1 83. Nxc5 dxc5 {[%emt 0:07:20][%mdl 4096] Endgame KB-KPP} 84. e5 {[%emt 0:00:16] Ke4 would kill now.} Kb2 $1 85. e6 Kxa2 {[%emt 0:00:05] KPP-KP} 86. e7 Kb2 87. e8=Q a2 88. Qb5+ Kc2 89. Qa4+ Kb2 90. Qb5+ Kc2 91. Qxc5+ Kb2 92. Qb4+ Kc2 93. Qd4 {[%emt 0:00:50] Threatening mate with Ke3.} Kb1 94. Qb4+ Kc2 95. Qa3 Kb1 96. Qb3+ Ka1 97. Qc3+ Kb1 98. Qe1+ Kb2 99. Qe2+ Kb1 100. Qd3+ Kb2 101. Ke2 {[%emt 0:00:37] Intending Qb5+ and mate.} a1=Q {[%emt 0:00:03] KQ-KQ} 102. Qd4+ Kb1 103. Qe4+ Ka2 104. Qc4+ Ka3 105. Qa6+ Kb2 106. Qb5+ Kc2 107. Qf5+ Kb3 {[%emt 0:00:05] Blacks defense is rewarded with a draw.  Weighted Error Value: White=0.14 (very precise) /Black=0.22 (precise)} 1/2-1/2

[Event "1st Serbian League 2022"]
[Site "Vrnjacka Banja"]
[Date "2022.09.28"]
[Round "9.26"]
[White "Gurel, Ediz"]
[Black "Djokic, Mihailo"]
[Result "1-0"]
[ECO "B76"]
[WhiteElo "2437"]
[BlackElo "2197"]
[Annotator "TA"]
[PlyCount "55"]
[EventDate "2022.09.20"]
[EventType "team-tourn"]
[EventCountry "SRB"]
[SourceTitle "playchess.com"]
[Source "ChessBase"]
[SourceQuality "1"]
[TimeControl "40/5400+30:1800+30"]

1. e4 c5 2. Nf3 d6 3. d4 cxd4 4. Nxd4 Nf6 5. Nc3 g6 6. Be3 Bg7 7. f3 O-O 8. Qd2 Nc6 9. O-O-O Bd7 10. g4 Rc8 11. Kb1 Ne5 ({Better is} 11... h5) 12. Be2 $16 {[%emt 0:00:32] B76: Sicilian Dragon: Yugoslav Attack, 9 g4 and 9 0-0-0.} h5 (12... Nc4 $16 13. Bxc4 Rxc4) 13. gxh5 $18 Nxh5 14. f4 {[%emt 0:07:15] White is clearly better.} Nc4 15. Bxc4 Rxc4 16. f5 {[%emt 0:00:17] [#]} Kh7 $146 (16... Qa5 {was called for.}) ({Predecessor:} 16... b5 17. Rhg1 b4 18. Nce2 Kh7 19. Qd3 Rc8 20. Rg4 Be5 21. Nf3 Qa5 22. Nxe5 Qxe5 23. Nd4 Rg8 24. Qe2 Kg7 25. Ne6+ {1-0 (25) Elena,E (1712)-Silvera,P (1410) Montevideo 2022}) 17. Rhg1 Rc8 18. fxg6+ fxg6 19. Nd5 {[%emt 0:04:13] Threatens to win with Qg2.} ({Don't play} 19. Qg2 $6 Qe8 20. Nd5 e5 $16) 19... Qe8 20. Qg2 {[%emt 0:04:10][%cal Od5e7] And now Nxe7! would win.} Nf6 {[%emt 0:06:31] [#]} (20... Kg8 {was necessary.} 21. Ne2 Be6 22. Qxg6 Bxd5 23. exd5 Qxg6 24. Rxg6 Rf5 25. Bxa7 Kf7) 21. Nf5 $1 Nxd5 22. Rxd5 {[%emt 0:00:01] The board is on fire.} Rf6 23. Bd4 e5 (23... Bxf5 $142 24. Bxf6 (24. exf5 e5 $18) 24... Bxe4 25. Qxe4 exf6 26. Qh4+ Kg8 27. Rxd6 Rc6) 24. Nxd6 Rxd6 25. Rxd6 exd4 (25... Rc6 $18 26. Rxc6 Bxc6 27. Bxa7 Bh6) 26. Rxg6 {[%emt 0:00:05] White mates.} Bf8 {[%emt 0:02:33] [#]} 27. Rg7+ $1 Kh8 {[%emt 0:00:06] [#]} 28. Rh7+ $3 {[%emt 0:00:05][%mdl 33280] White took control after the opening.  Weighted Error Value: White=0.11 (very precise) /Black=0.88. Loss on time!?} 1-0

[Event "1st Serbian League 2022"]
[Site "Vrnjacka Banja"]
[Date "2022.09.28"]
[Round "9.27"]
[White "Jocev, Milan"]
[Black "Markus, Robert"]
[Result "1/2-1/2"]
[ECO "E68"]
[WhiteElo "2283"]
[BlackElo "2615"]
[Annotator "TA"]
[PlyCount "180"]
[EventDate "2022.09.20"]
[EventType "team-tourn"]
[EventCountry "SRB"]
[SourceTitle "playchess.com"]
[Source "ChessBase"]
[SourceQuality "1"]
[TimeControl "40/5400+30:1800+30"]

1. d4 Nf6 2. c4 d6 3. Nf3 Nbd7 4. Nc3 g6 5. g3 Bg7 6. Bg2 O-O 7. O-O e5 8. e4 exd4 9. Nxd4 Re8 10. Re1 Nc5 $1 {[%emt 0:03:14] 10...Nc5 is better than 10...a6.} 11. h3 h6 12. Nb3 Ne6 {[%emt 0:01:58] E68: King's Indian: Fianchetto: 6...Nbd7 7 0-0 e5 8 e4.} 13. f4 a5 14. Be3 a4 15. Nd4 {[%emt 0:01:27] [#]} Nxd4 $146 ({Predecessor:} 15... a3 16. b3 Nc5 17. Bf2 Bd7 18. Qc2 Qc8 19. Kh2 c6 20. Rad1 Qc7 21. Nf3 Na6 {0-1 (39) Barwinski,D (2250)-Grabarczyk,M (2435) Warsaw 1994}) 16. Bxd4 c5 17. Bxf6 Bxf6 18. e5 dxe5 19. Qxd8 Rxd8 20. fxe5 Bg7 21. Nd5 Be6 22. Rad1 Rab8 23. b3 axb3 24. axb3 h5 25. Nf6+ Bxf6 26. exf6 Rxd1 27. Rxd1 $11 {[%emt 0:00:06][%mdl 4096] Endgame KRB-KRB} b5 28. cxb5 Bxb3 29. Rd7 Rxb5 30. Bd5 Rb8 (30... Rb6 $17 {aiming for ...Bxd5.} 31. Rb7 Rxb7 32. Bxb7 Be6) 31. Bxb3 (31. g4 $1 $11) 31... Rxb3 {[%emt 0:00:08] KR-KR} 32. Kg2 Rb2+ 33. Kg1 c4 {[%emt 0:02:34][%cal Bc5c4,Bc4c3,Bc3c2][%mdl 32] [#] Hoping for ...c3.} 34. Rc7 Rc2 (34... Rb6 $17) 35. h4 c3 36. Kf1 Rc1+ 37. Kg2 c2 38. Rc8+ Kh7 39. Rc7 (39. Kf2 Rh1 40. Ke2 c1=Q 41. Rxc1 Rxc1 42. Kf2 Rc3 43. Kg2 g5 44. Kh3 g4+ 45. Kh2 Kg6 46. Kg2 Rf3 47. Kg1 Kf5 48. Kh2 Ke4 49. Kg2 Ke3 50. Kg1 Rf2 51. Kh1 Kf3 52. Kg1 Kxg3 53. Kh1 Rf1#) 39... Kh6 {[%emt 0:00:28] [#] White must now prevent ...g5.} 40. Rc5 {[%emt 0:00:57] Prevents g5.} Kh7 41. Rc7 Ra1 42. Rxc2 Ra6 43. Rf2 Kg8 44. Rf4 Kf8 45. Rf2 Ke8 46. Re2+ (46. g4 $11) 46... Kd8 ({Black should play} 46... Re6 $1 $15 47. Rf2 Kd7) 47. Rd2+ Kc7 48. Rf2 (48. g4 $11) 48... Kd7 $15 49. Rd2+ Ke6 50. Rf2 Ra5 51. Rf4 Rf5 52. Ra4 Kxf6 53. Ra6+ Kg7 54. Rb6 Re5 55. Ra6 Re6 56. Ra5 Kf6 57. Kf3 Re5 58. Ra6+ Kf5 59. Ra7 $1 f6 60. Ra4 $1 Rd5 61. Rf4+ Ke6 62. Re4+ Kd7 63. Ra4 Kd6 64. Re4 Rd3+ 65. Kf2 Kd5 66. Re8 Rd4 67. Kf3 Rg4 68. Rf8 Ke5 69. Re8+ Kf5 70. Ra8 Re4 71. Ra5+ Re5 72. Ra4 Rc5 73. Rf4+ Ke6 74. Re4+ Kd7 75. Rd4+ Ke7 76. Re4+ Kd6 77. Rd4+ Rd5 78. Ra4 Rd3+ 79. Kf4 Rc3 80. Rd4+ Ke6 81. Re4+ Kd5 82. Re8 f5 83. Re5+ {[%emt 0:00:00] The position is equal.} Kd6 {[%emt 0:00:11] ( -> ...Rc4+)} 84. Ra5 Rc4+ 85. Kf3 Rg4 86. Ra6+ Ke5 87. Ra5+ Kf6 88. Ra6+ Kg7 89. Ra7+ Kh6 90. Ra6 Re4 {[%emt 0:00:48] Weighted Error Value: White=0.10 (very precise) /Black=0.08 (flawless)} 1/2-1/2

[Event "1st Serbian League 2022"]
[Site "Vrnjacka Banja"]
[Date "2022.09.28"]
[Round "9.28"]
[White "Kovacevic, Aleksandar"]
[Black "Radojicic, Aleksandar M"]
[Result "1-0"]
[ECO "A43"]
[WhiteElo "2471"]
[BlackElo "2192"]
[Annotator "TA"]
[PlyCount "61"]
[EventDate "2022.09.20"]
[EventType "team-tourn"]
[EventCountry "SRB"]
[SourceTitle "playchess.com"]
[Source "ChessBase"]
[SourceQuality "1"]
[TimeControl "40/5400+30:1800+30"]

1. d4 Nf6 2. Nf3 c5 3. d5 b5 4. Bg5 g6 5. d6 Bb7 6. Nc3 {[%emt 0:02:18] A43: Schmid Benoni.} a6 {[%emt 0:02:37] [#]} 7. Bxf6 $146 ({Predecessor:} 7. Qd2 Bg7 8. Qe3 c4 9. g3 e6 10. Bg2 Nc6 11. O-O Nb4 12. Qd2 h6 13. Be3 {1-0 (52) Lye,L (2358)-Tan,J (2151) Tornelo INT 2021}) 7... exf6 8. Qd2 {[%emt 0:00:13] The position is equal.} Qb6 9. Rd1 h5 (9... c4 $1 $11) 10. Qf4 $2 {[%emt 0:09:58] White is more active.} (10. Qe3+ $1 $16 Kd8 11. Ne4 Bxe4 12. Qxe4) 10... Bh6 $1 $15 11. Qxf6 O-O 12. Ne5 (12. e3 $11 {remains equal.}) 12... Qa5 (12... Bg7 $17 13. Qe7 Qa5) 13. Nxg6 $11 fxg6 14. Qxg6+ Bg7 {[%emt 0:00:06] Hoping for ...Qb4. A strong pair of Bishops.} 15. e3 $1 {[%emt 0:00:23] And now Bd3 would win.} Rf6 16. Qxh5 (16. Qe8+ $11 Rf8 17. Qg6) 16... Qb4 ({Black should play} 16... Nc6 $15 17. Bd3 Rh6 18. Qxc5 Qb4 19. Qxb4 Nxb4) 17. Bd3 $14 Nc6 (17... Rh6 $1 $11 18. Qe8+ Bf8) 18. Bh7+ $1 $16 (18. a3 Qxb2 19. Bh7+ Kh8 20. Bg6+ Kg8 $11) 18... Kh8 19. Bg6+ Kg8 {[%emt 0:00:02][%cal Of6g6] [#]} 20. a3 (20. f4 $1 $18 {is the precise move to win. Black must now prevent 0-0.} Na5 21. O-O) 20... Qa5 $2 (20... Qxb2 $16 21. Ne4 Rxg6 22. Qxg6 Ne5 23. Nf6+ Kf8 24. Nh7+ Kg8 25. Nf6+ Kf8 26. Nh7+ Kg8 27. Nf6+) 21. O-O $2 ({And not} 21. b4 Nxb4 22. O-O (22. axb4 Qxb4 23. O-O Qxc3 $17) 22... Qxa3 $11) (21. Rd5 $18 {has better winning chances.} Nd4 22. Kd1 (22. Rxc5 Ne6 $18) 22... Rxg6 23. Qxg6) 21... Ne5 22. Bh7+ ({White should try} 22. Qh7+ $14 Kf8 23. Be4 Bxe4 24. Nxe4) 22... Kh8 $11 {[%emt 0:00:04] Strongly threatening ...Rh6.} 23. Bg6+ (23. b4 $11 cxb4 24. Bg6+ Kg8 25. Bh7+ Kh8 26. Bg6+ Kg8 27. Bh7+ Kh8) 23... Kg8 $16 {[%emt 0:00:02] [#]} 24. Qh7+ Kf8 25. Be4 $36 {[%emt 0:00:05][%mdl 2048] White has strong initiative. Chess con chili.} Qb6 (25... Bxe4 $16 26. Nxe4 Rh6 27. Qf5+ Kg8) 26. Nd5 $18 {[%emt 0:00:33] White is clearly winning.} Bxd5 27. Bxd5 ({Less strong is} 27. Rxd5 Re8 $14) 27... Nf7 28. Bxa8 Qd8 29. Bd5 Rh6 30. Qf5 Rf6 31. Qh5 {[%emt 0:00:21] Weighted Error Value: White=0.45/Black=0.59} 1-0

[Event "1st Serbian League 2022"]
[Site "Vrnjacka Banja"]
[Date "2022.09.28"]
[Round "9.29"]
[White "Velikic, Adela"]
[Black "Brenjo, Slavisa"]
[Result "1-0"]
[ECO "D30"]
[WhiteElo "2272"]
[BlackElo "2409"]
[Annotator "TA"]
[PlyCount "85"]
[EventDate "2022.09.20"]
[EventType "team-tourn"]
[EventCountry "SRB"]
[SourceTitle "playchess.com"]
[Source "ChessBase"]
[SourceQuality "1"]
[TimeControl "40/5400+30:1800+30"]

1. d4 d5 2. c4 e6 3. Nf3 c5 4. cxd5 exd5 5. g3 Nc6 6. Bg2 Nf6 7. O-O Be7 8. dxc5 Bxc5 9. a3 O-O 10. b4 Bb6 11. Nc3 Re8 12. Bb2 Bg4 13. Na4 {[%emt 0:06:38] D30: Queen's Gambit Declined: Systems without Nc3.} Qe7 14. Nxb6 axb6 15. Re1 {[%emt 0:01:27] White is better.} Rad8 16. Rc1 Bxf3 17. Bxf3 Ne5 {[%emt 0:01:53] [#]} 18. Bxe5 $146 ({Predecessor:} 18. Bg2 Nc4 19. Bxf6 Qxf6 20. Bxd5 Ne5 21. Qb3 Qe7 22. Rc2 Rd7 23. Rec1 Red8 24. Rc8 {1-0 (46) Krumina,L (2086)-Barak,G (1993) Pardubice 2018}) 18... Qxe5 19. Qd3 h5 20. Red1 Re6 21. Qc3 Qxc3 22. Rxc3 Kf8 23. Rcd3 Re5 24. Kf1 g6 25. Bg2 g5 26. e4 g4 27. exd5 Rd6 28. Re3 Rxe3 29. fxe3 $16 {[%emt 0:00:04][%mdl 4096] Endgame KRB-KRN} Ke7 30. Ke2 Nd7 31. Rc1 Kd8 32. Rf1 Ne5 {[%emt 0:05:48] [#] This costs Black the game.} (32... Ke7 $16 33. Kd3 h4) 33. Rf5 $18 f6 34. a4 Ke7 35. Rxh5 {[%emt 0:00:23] White is clearly winning.} Rd8 36. Rh7+ Kd6 37. Rxb7 Nd7 38. Be4 Ra8 39. Bf5 Ne5 40. Rxb6+ Kxd5 41. a5 Rh8 42. a6 Rxh2+ 43. Kd1 {[%emt 0:00:00] Weighted Error Value: White=0.06 (flawless) /Black=0.29 (precise)} 1-0

[Event "1st Serbian League 2022"]
[Site "Vrnjacka Banja"]
[Date "2022.09.28"]
[Round "9.30"]
[White "Omorjan, Dejan"]
[Black "Grbic, Milorad"]
[Result "1-0"]
[ECO "A53"]
[WhiteElo "2265"]
[BlackElo "2259"]
[Annotator "TA"]
[PlyCount "87"]
[EventDate "2022.09.20"]
[EventType "team-tourn"]
[EventCountry "SRB"]
[SourceTitle "playchess.com"]
[Source "ChessBase"]
[SourceQuality "1"]
[TimeControl "40/5400+30:1800+30"]

1. d4 d6 2. Nf3 Nf6 3. c4 Bg4 4. Nc3 Nbd7 5. e3 e5 6. Be2 c6 7. O-O Be7 8. b3 O-O 9. e4 {[%emt 0:13:28] A53: Old Indian Defence without Nf3.} Re8 {[%emt 0:01:42] [#]} 10. d5 $146 ({Predecessor:} 10. Be3 a6 11. Qc2 Qc7 12. Rac1 Rac8 13. Rfd1 b5 14. cxb5 cxb5 15. Qb1 Qb7 16. d5 {0-1 (29) Burnett,J (2209)-Simons,M (2215) Scarborough 2001}) 10... c5 (10... cxd5 $11 {remains equal.} 11. exd5 Bf5) 11. h3 $16 {[%emt 0:04:14] White is better.} Bxf3 12. Bxf3 h6 13. g3 Nh7 14. Bg2 Bf6 15. Qd3 Nhf8 16. Nd1 h5 17. h4 a6 18. Bd2 g6 19. Bc3 a5 20. Bd2 Qe7 21. Nc3 Nb8 22. Na4 Qd8 23. Bc3 Nfd7 24. Qd2 b6 25. Bh3 Ra7 26. Rae1 {[%emt 0:06:10] White has more active pieces.} Rb7 27. Kh2 Bg7 28. Nb2 Nf6 29. f3 Kh7 30. Re2 Nbd7 31. Qe1 Ng8 32. Nd3 Nh6 (32... Ngf6 $16 {is a better defense.} 33. g4 Rf8) 33. Bd2 Rf8 {[%emt 0:01:27] [#]} (33... Bf6 $142 34. Kg1 Ng8) 34. g4 $1 $18 f6 $2 (34... Qe8 {keeps fighting.} 35. gxh5 Nf6 36. hxg6+ fxg6) 35. gxh5 gxh5 36. Rg2 f5 37. Bg5 Bf6 (37... Nf6 38. exf5 Nhg8) 38. exf5 (38. Bxh6 $142 Kxh6 39. Bxf5 Bxh4 40. Rg6+ Kh7 41. Qd2) 38... Qe7 39. Nf2 {[%emt 0:00:32] [#] And now Bxh6 would win.} Bxg5 40. Rxg5 Nf6 41. Ne4 Nhg8 42. a4 Rf7 43. Rfg1 Qf8 44. Qe3 {[%emt 0:04:17] White took control after the opening.  Weighted Error Value: White=0.44/Black=0.48} 1-0